Map: Lightshade LE

Players

TriGGeR

  • Race: Protoss Protoss
  • League: Grandmaster

Epic - Winner!

  • Race: Terran Terran
  • League: Grandmaster

Event: DreamHack SC2 Masters 2021 Summer

VOD

Have the link to the VOD?

Description

Time

  • Played on: May 27, 2021, 6:05 p.m.
  • Length: 17:16

All games in this series

Show
View Real Time Build Order
Export as new Build Order

TriGGeR Protoss 

Build Orders: Phoenix Opening 

Get SALT Encoding   

  12  0:08  Pylon  
  12  0:13  Probe  
  13  0:26  Gateway  
  13  0:30  Probe (Chrono Boost)  
  14  0:40  Probe (Chrono Boost), Assimilator  
  15  0:45  Probe (Chrono Boost)  
  16  0:51  Assimilator  
  16  0:57  Probe  
  17  1:09  Probe  
  18  1:13  Cybernetics Core  
  18  1:15  Zealot  
  20  1:21  Probe  
  21  1:28  Pylon  
  21  1:33  Probe  
  23  1:50  Shield Battery  
  23  1:51  Stargate  
  22  1:56  Adept (Chrono Boost)  
  23  2:14  Probe  
  24  2:26  Probe  
  24  2:29  Stargate  
  23  2:35  Stalker  
  25  2:40  Pylon  
  25  2:56  Nexus  
  25  2:58  Probe  
  26  3:07  Warp Gate  
  26  3:10  Probe  
  26  3:12  Phoenix (Chrono Boost)  
  29  3:25  Pylon  
  29  3:30  Phoenix (Chrono Boost)  
  31  3:43  Probe  
  31  3:47  Phoenix (Chrono Boost)  
  32  3:55  Probe  
  35  4:06  Shield Battery  
  35  4:07  Probe  
  35  4:09  Phoenix (Chrono Boost)  
  37  4:19  Probe x2  
  39  4:26  Phoenix  
  39  4:31  Probe (Chrono Boost)  
  39  4:36  Probe (Chrono Boost)  
  39  4:38  Gateway  
  41  4:43  Probe (Chrono Boost)  
  43  4:45  Probe (Chrono Boost)  
  43  4:50  Probe  
  43  4:51  Phoenix  
  46  4:55  Probe  
  47  5:01  Pylon  
  47  5:02  Probe  
  48  5:07  Probe  
  50  5:14  Probe  
  50  5:16  Phoenix (Chrono Boost)  
  50  5:17  Gateway  
  50  5:19  Probe  
  54  5:30  Void Ray (Chrono Boost)  
  54  5:34  Shield Battery  
  54  5:35  Shield Battery  
  56  5:37  Stalker  
  56  5:40  Stalker  
  59  5:56  Pylon  
  57  6:01  Stalker  
  59  6:05  Pylon, Adept  
  59  6:08  Void Ray  
  59  6:10  Probe  
  59  6:11  Probe  
  62  6:15  Adept  
  59  6:27  Adept x2  
  59  6:28  Probe  
  59  6:29  Probe  
  59  6:31  Assimilator  
  63  6:33  Assimilator  
  63  6:39  Shield Battery  
  63  6:40  Probe  
  63  6:41  Probe, Robotics Facility  
  63  6:43  Adept  
  67  6:52  Probe  
  67  6:53  Probe  
  69  7:00  Nexus  
  69  7:04  Probe  
  70  7:11  Pylon  
  70  7:15  Pylon  
  70  7:18  Pylon  
  70  7:21  Pylon  
  70  7:29  Probe x2  
  72  7:30  Immortal (Chrono Boost)  
  72  7:36  Robotics Bay  
  74  7:40  Shield Battery  
  74  7:41  Probe x2  
  76  7:50  Twilight Council  
  76  7:53  Probe  
  76  7:54  Probe  
  78  8:01  Observer (Chrono Boost)  
  78  8:05  Probe (Chrono Boost)  
  80  8:09  Probe (Chrono Boost)  
  80  8:11  Gateway  
  81  8:13  Probe (Chrono Boost), Gateway  
  81  8:14  Gateway  
  81  8:17  Probe (Chrono Boost)  
  81  8:19  Colossus (Chrono Boost)  
  84  8:21  Sentry  
  84  8:23  Probe x2 (Chrono Boost)  
  93  8:27  Extended Thermal Lance  
  93  8:28  Probe (Chrono Boost)  
  93  8:31  Sentry  
  93  8:33  Sentry  
  99  8:34  Probe  
  99  8:37  Charge (Chrono Boost)  
  99  8:41  Gateway  
  99  8:46  Gateway  
  99  8:52  Probe, Assimilator  
  99  8:53  Probe x2  
  102  8:58  Colossus (Chrono Boost), Assimilator  
  108  9:06  Probe  
  108  9:07  Probe  
  110  9:13  Gateway  
  110  9:21  Templar Archives  
  110  9:23  Zealot x3  
  116  9:38  Pylon  
  116  9:40  Pylon  
  116  9:41  Pylon  
  116  9:43  Pylon  
  116  9:49  Pylon  
  116  9:54  Warp Prism (Chrono Boost)  
  116  9:57  Zealot x3  
  116  9:58  Zealot x4  
  124  10:08  Zealot x2  
  108  10:21  Forge  
  108  10:23  High Templar x7  
  108  10:27  Archon  
  108  10:28  Archon x2  
  122  10:30  Zealot  
  122  10:32  Nexus  
  122  10:33  High Templar, Pylon  
  126  10:36  Archon  
  126  10:44  Gateway  
  126  10:55  Zealot x2  
  126  10:56  Zealot x3  
  134  10:57  Zealot x3  
  132  11:06  Zealot  
  88  11:19  Zealot x8  
  88  11:34  Protoss Ground Weapons Level 1 (Chrono Boost), High Templar  
  88  11:39  High Templar x2  
  94  11:40  High Templar, Zealot  
  94  11:41  Stalker x3  
  94  11:44  Archon x2  
  104  11:47  Stalker x2  
  104  11:48  Blink (Chrono Boost)  
  108  12:04  High Templar x2  
  108  12:05  Stalker x2  
  108  12:07  Zealot x2  
  108  12:08  Archon  
  120  12:10  Disruptor (Chrono Boost)  
  123  12:28  Photon Cannon  
  123  12:31  Robotics Facility  
  123  12:37  Pylon  
  123  12:40  Disruptor  
  125  12:48  Zealot  
  125  12:49  Zealot x7  
  141  12:53  Zealot x2  
  145  13:06  Pylon  
  145  13:15  Disruptor  
  145  13:17  Nexus  
  113  13:41  Disruptor (Chrono Boost)  
  113  13:47  Stalker x4  
  113  13:48  Disruptor (Chrono Boost), Stalker x4  
  122  13:50  Shield Battery  
  112  14:10  Zealot x4  
  112  14:12  Disruptor, Protoss Ground Armor Level 1 (Chrono Boost)  
  106  14:30  Disruptor  
  109  14:35  Zealot x4  
  109  14:36  Nexus  
  109  14:37  High Templar x5  
  127  14:42  Archon x2  
  127  14:48  Disruptor, Pylon  
  127  14:50  High Templar  
  130  14:54  Archon  
  123  15:01  Zealot x2  
  123  15:02  Zealot x2  
  124  15:12  Zealot x5  
  109  15:23  Probe x3 (Chrono Boost)  
  110  15:35  Probe x2 (Chrono Boost)  
  112  15:40  Probe x2 (Chrono Boost)  
  114  15:45  Assimilator  
  114  15:46  Observer  
  114  15:48  Observer, Assimilator  
  114  15:53  Shield Battery  
  114  16:00  Stalker x2  
  114  16:02  High Templar  
  120  16:04  High Templar  
  120  16:14  Stalker x2  
  118  16:24  Archon  
  106  16:26  Stalker  
  106  16:27  Stalker x2  
  106  16:31  Assimilator  
  110  16:34  Stalker  
  110  16:40  Probe x2  
  110  16:43  Probe  
  110  16:46  Probe  
  82  17:02  Zealot x5  
Show
View Real Time Build Order
Export as new Build Order

Epic Terran - Winner!

Build Orders:  

Get SALT Encoding   

  12  0:00  SCV  
  13  0:12  SCV  
  14  0:16  Supply Depot  
  14  0:24  SCV  
  15  0:38  SCV, Barracks  
  15  0:42  Refinery  
  16  0:50  SCV  
  17  1:02  SCV  
  18  1:14  SCV  
  19  1:25  Reaper  
  20  1:26  Orbital Command  
  20  1:42  Refinery  
  20  1:47  Supply Depot  
  20  1:53  SCV, Bunker  
  21  1:57  Marine  
  22  2:09  SCV  
  22  2:11  Factory  
  23  2:17  Marine  
  23  2:24  SCV  
  23  2:36  Marine  
  24  2:37  SCV  
  25  2:49  SCV  
  26  2:54  Marine  
  26  2:58  Starport  
  27  3:02  SCV  
  28  3:12  Command Center  
  28  3:15  SCV  
  29  3:21  Factory Tech Lab  
  29  3:22  Barracks Reactor  
  29  3:27  SCV  
  30  3:38  Supply Depot  
  30  3:42  SCV  
  31  3:59  SCV, Marine x2, Viking, Cyclone  
  31  4:01  Bunker  
  39  4:06  Supply Depot  
  39  4:17  Marine  
  39  4:19  SCV  
  39  4:24  Marine  
  39  4:27  Orbital Command  
  40  4:31  SCV, Viking  
  40  4:37  Cyclone  
  46  4:42  Marine x2  
  46  4:43  SCV  
  49  4:53  Orbital Command  
  49  4:56  SCV  
  50  5:00  Marine x2  
  50  5:01  Viking  
  54  5:08  SCV  
  54  5:09  Cyclone  
  54  5:11  Supply Depot  
  58  5:19  SCV  
  58  5:20  SCV  
  60  5:22  Marine x2  
  62  5:31  Supply Depot  
  58  5:35  Medivac  
  58  5:38  SCV x2  
  58  5:42  Marine x2  
  64  5:50  SCV x2  
  64  5:53  Bunker  
  66  5:57  Bunker  
  66  6:00  Marine x2  
  66  6:04  SCV x2  
  69  6:09  Medivac  
  71  6:13  Cyclone  
  69  6:20  SCV x2  
  69  6:25  Marine x2  
  59  6:34  Barracks  
  59  6:37  SCV x2  
  61  6:45  Marine x2  
  61  6:46  Command Center  
  63  6:50  SCV x2  
  63  6:52  Siege Tank  
  68  6:57  Engineering Bay  
  68  7:03  SCV, Marine  
  68  7:04  SCV  
  68  7:05  Barracks, Starport Reactor  
  71  7:15  SCV, Supply Depot  
  71  7:16  SCV  
  71  7:21  Refinery  
  73  7:23  Barracks Tech Lab, Terran Infantry Weapons Level 1  
  73  7:24  Supply Depot, Siege Tank  
  76  7:30  SCV x2  
  78  7:38  Barracks  
  78  7:40  Marine x2  
  78  7:41  Stimpack  
  78  7:44  Marauder  
  82  7:45  SCV  
  82  7:46  Refinery, Barracks  
  82  7:47  SCV  
  84  7:53  Barracks Tech Lab  
  84  7:56  Supply Depot  
  84  7:58  SCV  
  85  8:00  Orbital Command  
  85  8:01  SCV, Marine x2  
  85  8:04  Siege Tank  
  89  8:10  Marauder  
  89  8:11  Marauder  
  89  8:12  SCV  
  94  8:13  SCV  
  94  8:16  Missile Turret  
  95  8:21  Missile Turret  
  95  8:23  Marine x2  
  95  8:24  SCV  
  95  8:25  Orbital Command, SCV, Combat Shield  
  99  8:35  Barracks Reactor, Barracks Tech Lab  
  99  8:36  Marauder  
  99  8:37  Marauder  
  99  8:38  SCV  
  99  8:40  SCV, Missile Turret  
  105  8:45  Medivac, Supply Depot  
  107  8:51  SCV  
  107  8:53  Marine x2, Medivac  
  112  8:56  SCV x2  
  112  9:00  Marauder  
  112  9:01  Supply Depot  
  116  9:06  SCV  
  116  9:07  Marauder x2  
  116  9:08  SCV  
  116  9:09  Supply Depot  
  122  9:17  Factory Reactor, Engineering Bay  
  122  9:18  Refinery  
  122  9:19  Refinery, Concussive Shells  
  122  9:21  SCV x3  
  122  9:23  Marine x4  
  131  9:24  Marauder  
  131  9:26  Bunker  
  130  9:33  SCV  
  130  9:34  SCV x2  
  130  9:37  Marauder  
  130  9:38  Marauder  
  137  9:39  Medivac x2  
  137  9:42  Supply Depot  
  141  9:47  SCV  
  141  9:48  Terran Infantry Armor Level 1  
  141  9:49  Marine  
  141  9:53  Supply Depot x2  
  141  9:59  Armory  
  141  10:01  Marine x2  
  141  10:03  Widow Mine, Marine  
  141  10:04  Widow Mine, Marauder  
  140  10:07  Marauder x2  
  140  10:08  Marine  
  140  10:13  Viking x2  
  126  10:19  Marine  
  126  10:20  Marine  
  126  10:21  Marine  
  128  10:25  Marauder  
  128  10:27  Starport  
  135  10:28  Marauder x2  
  135  10:29  Widow Mine x2, Missile Turret  
  139  10:36  Command Center  
  139  10:44  Viking x2  
  143  10:51  Marine x4  
  143  10:52  Terran Infantry Weapons Level 2  
  149  10:57  Marauder x2  
  149  11:00  Orbital Command  
  149  11:04  Marauder  
  147  11:08  Marine  
  147  11:09  SCV  
  147  11:10  SCV  
  121  11:14  Viking  
  108  11:18  Marauder  
  108  11:21  Marauder, Marine  
  108  11:22  SCV  
  108  11:25  Marauder  
  114  11:26  SCV x2  
  109  11:35  SCV  
  109  11:37  Widow Mine x2  
  109  11:38  SCV x2  
  112  11:46  Viking  
  114  11:47  SCV  
  114  11:49  Starport Reactor  
  114  11:50  SCV x2  
  117  11:55  Terran Infantry Armor Level 2  
  117  11:58  Marine x4  
  121  12:02  SCV x2  
  121  12:04  SCV  
  121  12:07  Ghost Academy  
  124  12:17  Viking x2  
  124  12:20  Planetary Fortress  
  124  12:22  SCV x2  
  130  12:25  SCV  
  130  12:26  Viking  
  133  12:34  SCV x2  
  135  12:37  SCV  
  135  12:38  Ghost x2  
  135  12:43  Enhanced Shockwaves, Missile Turret  
  139  12:46  Marine x3  
  142  12:52  SCV x3  
  142  12:54  Viking  
  143  13:03  Marauder, Marine  
  143  13:04  Marine  
  143  13:07  Marauder x2  
  143  13:08  Widow Mine x2  
  143  13:09  SCV  
  143  13:10  SCV x3  
  152  13:21  Missile Turret  
  152  13:28  SCV x2  
  152  13:31  Marine  
  152  13:32  Marauder x3, Marine x2  
  161  13:34  Viking x2  
  161  13:40  SCV x3  
  160  13:53  Marauder x2  
  164  13:58  Marauder  
  164  14:02  Command Center  
  147  14:14  Marauder  
  147  14:15  Marauder  
  144  14:19  Marauder  
  144  14:21  Terran Infantry Weapons Level 3  
  146  14:32  Marine x4  
  146  14:36  Marauder x2  
  154  14:40  Liberator x2  
  160  14:46  Marauder  
  160  14:50  Widow Mine, Marine  
  164  14:53  Widow Mine  
  164  15:09  Marauder x2  
  164  15:13  Marauder, Marine x3  
  121  15:22  Planetary Fortress  
  121  15:23  SCV  
  121  15:24  SCV x2  
  121  15:25  Marine  
  125  15:30  Marauder x2, Marine  
  130  15:37  Barracks, Liberator  
  130  15:38  Barracks  
  129  15:47  Viking  
  129  15:49  Medivac  
  133  15:51  Liberator  
  133  15:52  Marauder  
  133  15:55  Marauder  
  140  15:57  Marine x2  
  140  16:02  Marine x2  
  144  16:17  Barracks  
  141  16:22  Marauder x3, Marine x4  
  147  16:28  Refinery  
  147  16:29  Refinery  
  147  16:40  Marine x2  
  147  16:41  Barracks Tech Lab x2  
  147  16:43  Marauder x3  
Tags
 
Add a new tag
Caveats
  • Supply blocks, unpowered buildings, or Contaminate may cause inaccurate times.
  • Supply counts are checked every 10 seconds.